 Dungeon Crawl Stone Soup version 0.31-a0-271-gb88eb75e06 (webtiles) character file.

Game seed: 14235953258723813788

49 garrulousMonolith the Changeling (level 3, -8/21 (25) HPs)
             Began as an Octopode Shapeshifter on July 14, 2023.
             Mangled by Terence
             ... wielding a +2 flail of draining
              (14 damage)
             ... on level 2 of the Dungeon.
             The game lasted 00:01:21 (1203 turns).

garrulousMonolith the Changeling (OpSh)             Turns: 1203, Time: 00:01:22

HP:   -8/21 (25)    AC:  1    Str: 14    XL:     3   Next: 75%
MP:   3/3           EV: 13    Int: 10    God:
Gold: 64            SH:  0    Dex: 14    Spells: 2/2 levels left

rFire   . . .        g - +0 short sword (elec)
rCold   . . .        (no shield)
rNeg    . . .        (helmet currently unavailable)
rPois   .            (no amulet)
rElec   .            (no ring)
rCorr   .            (no ring)
SInv    .            (no ring)
Will    .....        (no ring)
Stlth   +++          (no ring)
HPRegen 0.23/turn    (no ring)
MPRegen 0.08/turn    (no ring)
                     (no ring)

%: no passive effects
@: beast-form, heavily drained
A: beast (slay +2), almost no armour, amphibious, 8 rings, camouflage 1,
gelatinous body 1, (nimble swimmer 1), tentacles
a: Begin Untransformation


You were on level 2 of the Dungeon.
You were a hulking beast.
You visited 1 branch of the dungeon, and saw 2 of its levels.

You collected 64 gold pieces.

Inventory:

Hand Weapons
 g - a +0 short sword of electrocution (weapon)
Magical Staves
 c - a staff of earth
Talismans
 b - a beast talisman
Scrolls
 d - a scroll of enchant armour {unknown}
 e - a scroll of identify {unknown}
 f - a scroll of poison {unknown}
 h - a scroll of immolation {unknown}
Potions
 a - a potion of lignification


   Skills:
 + Level 2.4 Fighting
 + Level 2.3 Dodging
 + Level 1.4 Stealth
 * Level 2.5 Unarmed Combat
 * Level 3.3 Shapeshifting


You had 2 spell levels left.
You didn't know any spells.
Your spell library was empty.

Dungeon Overview and Level Annotations

Branches:
Dungeon (2/15)

Altars:

Shops:
D:1 :

Annotations:
D:2 Terence


Innate Abilities, Weirdness & Mutations

You are a hulking beast.
Your limbs bulge with bestial killing power. (Slay +2)
You cannot wear most types of armour.
You are amphibious.
You can wear up to eight rings at the same time.
Your skin changes colour to match your surroundings (Stealth+).
Your rubbery body absorbs attacks. (AC +1, EV +1)
((You are camouflaged when in or above water. (Stealth+)))
You have tentacles for arms and can constrict up to eight enemies at once.


Message History

No target in view!
No target in view!
No target in view!
No target in view!
No target in view!
No target in view!
No target in view!
No target in view!
No target in view!
No target in view!
No target in view!
No target in view!
Things that are here:
a +0 short sword of electrocution; a kobold corpse
g - a +0 short sword of electrocution
h - a scroll labelled NEDDUX PETWATOPT Terence the Incautious comes into view.
He is wielding a +2 flail of draining.
Terence is nearby!
Terence shouts!
Terence hits you with a +2 flail of draining.
You feel drained.
You tentacle-slap Terence. Your grab misses Terence.
Terence is lightly wounded.
Terence hits you with a +2 flail of draining.
You feel drained.
You hear the crackle of electricity.
g - a +0 short sword of electrocution (weapon)
Terence hits you with a +2 flail of draining!
You feel drained.
* * * LOW HITPOINT WARNING * * *
You closely miss Terence. You grab Terence.
You squeeze Terence, but do no damage.
Terence is lightly wounded.
You constrict Terence. Terence misses you.
You hit Terence.
Terence is heavily wounded.
You constrict Terence, but do no damage.
Terence hits you with a +2 flail of draining!
Ouch! That really hurt!
You die...

#.#...#### #.#...#...
#.#....... #.#.#.#.##
## #.#...#.# .
#####.# #.########.#
#.# #.#..@...... #.##
#...h......#######...
#...########........#
#.##.........####...#
# #.#.........†.....
...#.##########.#<.
#####.# #.... #..
..... #.## ##.### ###
###


You could see Terence.

Vanquished Creatures
  An adder (D:2)
  2 dart slugs
  4 ball pythons (D:1)
  4 bats
  4 endoplasms (D:1)
  A giant cockroach (D:2)
  4 goblins
  3 hobgoblins
  2 jackals (D:1)
  3 frilled lizards
  3 kobolds
31 creatures vanquished.

Notes
Turn   | Place    | Note
-------+----------+-------------------------------------------
     0 | D:1      | garrulousMonolith the Octopode Shapeshifter began the quest
                  | for the Orb.
     0 | D:1      | Reached XP level 1. HP: 14/14 MP: 1/1
   116 | D:1      | Reached XP level 2. HP: 16/19 MP: 2/2
   144 | D:1      | Found Iruati's Vocational Training.
   249 | D:1      | Found a faded altar of an unknown god.
   570 | D:1      | Reached XP level 3. HP: 23/25 MP: 3/3
   573 | D:1      | Reached skill level 1 in Stealth
  1198 | D:2      | Noticed Terence
  1203 | D:2      | Mangled by Terence

Illustrated notes

Levels and vault maps discovered:
D:1:      dpeg_arrival_rooms_a, layout_basic,
          shapermc_ecumenical_altar_mp_ritualfount, nicolae_shop_vocational
D:2:      minmay_recursive_quarters, layout_basic, uniq_terence

Skill      XL: |  1  2  3 |
---------------+----------+-----
Stealth        | 1 |  1.4
Fighting       | |  2.4
Dodging        | |  2.3
Unarmed Combat | |  2.5
Shapeshifting  | |  3.3

Action                     || total
---------------------------++-------
  Melee: Unarmed           ||    64
         Tentacles         ||    14
         Constrict         ||    18
         Short sword       ||     2
   Stab: Sleeping          ||     6
 Armour: Skin              ||     6
  Dodge: Dodged            ||    43

Table legend: (Time is in decaauts)
 A = Elapsed time spent in this place.
 B = Non-inter-level travel time spent in this place.
 C = Inter-level travel time spent in this place.
 D = Time resting spent in this place.
 E = Time spent auto-exploring this place.
 F = Levels seen in this place.
 G = Mean time per level.
                   A        B        C        D        E       F      G
               +--------+--------+--------+--------+--------+-----+--------+
         Total |   1199 |   1116 |     83 |      0 |    919 |   2 |  599.5 |
       Dungeon |   1199 |   1116 |     83 |      0 |    919 |   2 |  599.5 |
               +--------+--------+--------+--------+--------+-----+--------+

Top non-repeatable levels by time:
     D:1: 942 daAuts
     D:2: 257 daAuts
